 Dungeon Crawl Stone Soup version 0.17-a0-1532-g2de063d (webtiles) character file.

19243 olgur the Severer (level 12, -2/113 HPs)
             Began as a Hill Orc Berserker on July 16, 2015.
             Was a High Priest of Trog.
             Slain by a minotaur
             ... wielding a +1 battleaxe of chopping
              (5 damage)
             ... in a labyrinth.
             The game lasted 01:54:59 (16739 turns).

olgur the Severer (Hill Orc Berserker)             Turns: 16739, Time: 01:54:59

Health: -2/113     AC: 24    Str: 25    XL:     12   Next: 67%
Magic:  4/4        EV: 14    Int:  7    God:    Trog [*****.]
Gold:   533        SH:  0    Dex: 19    Spells: 0 memorised, 11 levels left

rFire  + + .     SeeInvis .     J - +3 battleaxe (antimagic)
rCold  . . .     Clarity  .     X - +0 plate armour
rNeg   . . .     SustAt   .     (no shield)
rPois  .         Gourm    .     p - +2 hat
rElec  .         Spirit   .     B - +1 cloak
rCorr  .         Warding  .     y - +0 pair of gloves
rMut   +         Stasis   .     F - +2 pair of boots
MR     .....                    w - amulet of resist mutation
Stlth  ..........               (no ring)
                                u - ring of Contentment {Wiz rF++ Dex+4}

@: agile, exhausted, very slightly contaminated, not resistant to hostile
enchantments, extremely unstealthy
A: evolution 1
a: Burn Spellbooks, Berserk, Trog's Hand, Brothers in Arms, Renounce Religion


You were in a labyrinth.
You worshipped Trog.
Trog was extremely pleased with you.
You were not hungry.

You visited 2 branches of the dungeon, and saw 14 of its levels.
You also visited: Labyrinth.

You collected 533 gold pieces.

Inventory:

Hand weapons
 d - a +7 flail of draining
 h - a +0 short sword of draining
 i - a +0 hunting sling
 A - a +1 trident
 C - a +1 war axe
 H - a +1 long sword of holy wrath
 J - a +3 antimagic battleaxe (weapon)
 P - a +7 shortbow of flaming
Missiles
 k - 381 stones
 z - 17 tomahawks (quivered)
 D - 20 arrows
Armour
 b - a +1 buckler of protection
 p - a +2 hat (worn)
 y - a +0 pair of gloves (worn)
 B - a +1 cloak (worn)
 F - a +2 pair of boots (worn)
 X - a +0 plate armour (worn)
 Y - a steam dragon hide
Jewellery
 u - the ring of Contentment (left hand) {Wiz rF++ Dex+4}
   (You found it on level 9 of the Dungeon)

   [ring of wizardry]

   It improves your spell success rate.
   It affects your dexterity (+4).
   It greatly protects you from fire.
 w - an amulet of resist mutation (around neck)
Magical devices
 g - a wand of teleportation (3)
 j - a wand of lightning (12)
 o - a wand of lightning (0)
 E - a wand of paralysis (9)
 G - a wand of polymorph (13)
 L - a wand of polymorph (9)
 O - a wand of fire (0)
 Q - a wand of flame (30)
 T - a wand of frost (5)
 U - a wand of draining (0)
 V - a wand of magic darts (23)
 W - a wand of digging (7)
 Z - a wand of polymorph (8)
Scrolls
 e - 6 scrolls of remove curse
 l - 3 scrolls of enchant weapon
 m - 2 scrolls of magic mapping
 n - 7 scrolls of teleportation
 q - 3 scrolls of enchant armour
 r - 2 scrolls of identify
 s - 4 scrolls of recharging
 x - a scroll of blinking
Potions
 a - a potion of cancellation
 t - 5 potions of curing
 v - a potion of berserk rage
 M - a potion of cure mutation
 N - a potion of haste
 R - a potion of agility
Comestibles
 c - 14 bread rations
 I - 20 royal jellies
 S - a slice of pizza


   Skills:
 + Level 12.4 Fighting
 + Level 16.3 Axes
 - Level 1.4 Throwing
 + Level 11.1 Armour
 - Level 2.3 Dodging
 - Level 0.3 Stealth
 - Level 7.2 Shields


You had 11 spell levels left.
You didn't know any spells.

Dungeon Overview and Level Annotations

Branches:
Dungeon (10/15)            Temple (0/1) D:6            Lair (5/8) D:10
  Swamp: Lair:3-6    Shoals: Lair:3-6     Snake: Lair:3-6    Spider: Lair:3-6
    Orc: D:9-12

Altars:
Ashenzari
Cheibriados
Dithmenos
Gozag
Kikubaaqudgha
Makhleb
Nemelex Xobeh
Okawaru
Ru
Trog
Vehumet
Xom
Zin

Shops:
D:6 !*

Annotations:
D:8 exclusion: 2 lava snakes


Innate Abilities, Weirdness & Mutations

You evolve.


Message History

The minotaur is drained!
The minotaur is severely wounded.
Evoking this partially-identified wand wasted a few charges.
Zapping:
U - a wand of draining {zapped: 3} (will waste charges)
Press: ? - help, Shift-Dir - straight line, f/p - minotaur
Aim: a minotaur, wielding a battleaxe of chopping and wearing a runed plate armour (severely wounded, lightly drained)
The bolt of negative energy hits the minotaur.
The minotaur is drained!
The minotaur is almost dead.
Evoking this partially-identified wand wasted a few charges.
You are too injured to fight recklessly!
You hit the minotaur but do no damage.
The minotaur is almost dead.
The minotaur hits you with a battleaxe of chopping!!
* * * LOW HITPOINT WARNING * * *
x2 The minotaur gores you but does no damage.
You slash the minotaur!
The minotaur is almost dead.
The minotaur hits you with a battleaxe of chopping.
You die...

#. ## #. .. ...
# # .#.##
.###.# ........
...#
.############.
#ยง# .
.#..#8:8:8.8#..
.# .
#.#<.@H...'..
.# #.# .
#8:8)8.8#..#.#
#
.#########.####
# # ..... .....
.# # # # # #...
#. # . . ....#
. #.. # .. #
#.#### ## ##. .
. .. ..#. #.. .
.# . # # # #
###


You could see a minotaur.

Vanquished Creatures
  Harold (Lair:4)
  A hydra (D:10)
  The ghost of ventricule the Spear-Bearer, an experienced DsCK of Xom (D:10)
  Nergalle (Lair:4)
  The ghost of Malak the Summoner, an experienced DESu of Sif Muna (D:9)
  3 hill giants
  An ugly thing (D:7)
  3 black mambas
  A spiny frog (Lair:1)
  2 komodo dragons
  A troll (D:7)
  A queen bee (Lair:4)
  A polar bear (Lair:5)
  Grinder (D:5)
  A two-headed ogre (D:10)
  4 fire bats (D:8)
  21 yaks
  3 hippogriffs
  3 hungry ghosts
  3 water moccasins
  Menkaure (D:5)
  A steam dragon (D:10)
  Edmund (D:5)
  A hell hound (D:8)
  2 sky beasts
  2 ice beasts
  4 phantoms
  2 porcupines (Lair:1)
  A necrophage (D:9)
  3 crocodiles
  4 ogres
  Blork the orc (D:5)
  12 giant frogs
  46 killer bees
  5 scorpions
  An oklob sapling (D:6)
  3 wights (D:6)
  4 crimson imps
  5 jellies
  A giant frog zombie (D:10)
  4 hounds
  A gnoll shaman (D:6)
  6 orc priests
  6 orc wizards
  6 worker ants
  A giant frog skeleton (D:9)
  6 iguanas
  A worker ant zombie (D:7)
  8 river rats (Lair:1)
  10 adders
  18 gnolls
  A shadow imp (D:8)
  2 adder skeletons
  8 oozes
  An adder zombie (D:9)
  A worm (D:4)
  6 giant geckos
  30 orcs
  3 bat skeletons
  A bat zombie (D:6)
  3 giant cockroaches
  14 goblins
  20 hobgoblins
  4 quokkas
  2 ball pythons
  15 bats
  5 giant newts
  A jackal skeleton (D:8)
  18 kobolds
  A quokka zombie (D:7)
  14 rats
  2 fungi
  3 plants
376 creatures vanquished.

Vanquished Creatures (others)
  An orc (D:6)
  A fungus (Lair:4)
  4 plants
6 creatures vanquished.

Grand Total: 382 creatures vanquished

Notes
Turn   | Place    | Note
--------------------------------------------------------------
     0 | D:1      | olgur the Hill Orc Berserker began the quest for the Orb.
     0 | D:1      | Reached XP level 1. HP: 19/19 MP: 1/1
   254 | D:1      | Reached XP level 2. HP: 27/27 MP: 2/2
  1355 | D:2      | Found a shadowy altar of Dithmenos.
  1574 | D:2      | Reached XP level 3. HP: 18/33 MP: 3/3
  1981 | D:2      | Acquired Trog's second power
  2119 | D:2      | Reached skill level 1 in Throwing
  2366 | D:3      | Reached XP level 4. HP: 13/40 MP: 4/4
  2756 | D:3      | Reached skill level 5 in Axes
  2998 | D:3      | Reached XP level 5. HP: 44/46 MP: 5/5
  3394 | D:3      | Reached skill level 6 in Axes
  3795 | D:3      | Reached skill level 7 in Axes
  3795 | D:3      | Reached XP level 6. HP: 45/52 MP: 6/6
  4707 | D:4      | Reached skill level 8 in Axes
  4797 | D:4      | Reached XP level 7. HP: 39/59 MP: 7/7
  4932 | D:4      | Reached skill level 9 in Axes
  5130 | D:5      | Entered Level 5 of the Dungeon
  5138 | D:5      | Noticed Edmund
  5155 | D:5      | Killed Edmund
  5191 | D:5      | Noticed Grinder
  5201 | D:5      | Paralysed by Grinder for 6 turns
  5208 | D:5      | Reached skill level 10 in Axes
  5215 | D:5      | Killed Grinder
  5274 | D:5      | Reached skill level 11 in Axes
  5274 | D:5      | Reached XP level 8. HP: 24/66 MP: 8/8
  5543 | D:5      | Acquired Trog's third power
  5672 | D:5      | Noticed Blork the orc
  5687 | D:5      | Killed Blork the orc
  5809 | D:5      | Noticed Menkaure
  5812 | D:5      | Killed Menkaure
  5812 | D:5      | Reached skill level 12 in Axes
  6060 | D:6      | Found a glowing silver altar of Zin.
  6088 | D:6      | Found an opulent altar of Gozag.
  6091 | D:6      | Found Gozag's Platinum Reserve.
  6135 | D:6      | Reached skill level 5 in Fighting
  6388 | D:6      | Found a staircase to the Ecumenical Temple.
  6712 | D:6      | Gained mutation: You evolve. [potion of beneficial mutation]
  7012 | D:6      | Found Xecun's Distillery.
  7027 | D:6      | Found a shattered altar of Ashenzari.
  7045 | D:6      | Reached XP level 9. HP: 55/75 MP: 9/9
  7142 | D:6      | Found a bloodstained altar of Trog.
  7365 | D:7      | Reached skill level 5 in Armour
  7449 | D:7      | Reached skill level 13 in Axes
  7914 | D:7      | Noticed a white ugly thing
  7929 | D:7      | Killed a white ugly thing
  8112 | D:7      | Reached XP level 10. HP: 90/90 MP: 10/10
  8238 | D:7      | Received a gift from Trog
  8718 | D:8      | Found a sparkling altar of Nemelex Xobeh.
  8751 | D:8      | Found a snail-covered altar of Cheibriados.
  8751 | D:8      | Found an ancient bone altar of Kikubaaqudgha.
  8752 | D:8      | Found a shimmering altar of Xom.
  8953 | D:8      | Reached skill level 14 in Axes
  9769 | D:8      | Found a burning altar of Makhleb.
 10530 | D:9      | Got a bound pewter ring
 10531 | D:9      | Identified the ring of Contentment {Wiz rF++ Dex+4} (You found it on level 9 of the Dungeon)
 10713 | D:9      | Found a radiant altar of Vehumet.
 10719 | D:9      | Reached skill level 10 in Fighting
 10813 | D:9      | Noticed a hill giant
 10827 | D:9      | Killed a hill giant
 10827 | D:9      | Reached XP level 11. HP: 99/99 MP: 11/11
 11115 | D:9      | Noticed Malak's ghost (experienced DESu)
 11128 | D:9      | Killed Malak's ghost
 11128 | D:9      | Reached skill level 15 in Axes
 11324 | D:9      | Found an iron altar of Okawaru.
 11372 | D:10     | Entered Level 10 of the Dungeon
 11403 | D:10     | Identified a scroll of acquirement
 11431 | D:10     | Found a staircase to the Lair.
 11452 | D:10     | Reached skill level 1 in Shields
 11570 | D:10     | Noticed ventricule's ghost (experienced DsCK)
 11596 | D:10     | Killed ventricule's ghost
 11812 | D:10     | Noticed a hill giant
 11821 | D:10     | Killed a hill giant
 11821 | D:10     | Reached skill level 5 in Shields
 11963 | D:10     | Noticed a six-headed hydra
 12049 | D:10     | Killed a six-headed hydra
 12138 | D:10     | Found a sacrificial altar of Ru.
 12165 | D:10     | Noticed a hill giant
 12181 | D:10     | Killed a hill giant
 12704 | Lair:1   | Entered Level 1 of the Lair of Beasts
 13474 | Lair:1   | Reached XP level 12. HP: 96/109 MP: 12/12
 13885 | Lair:2   | You fall through a shaft for 2 floors!
 13885 | Lair:4   | Noticed Nergalle
 13897 | Lair:4   | Killed Nergalle
 13897 | Lair:4   | Reached skill level 10 in Armour
 14176 | Lair:4   | Received a gift from Trog
 14606 | Lair:4   | Noticed Harold
 14623 | Lair:4   | Killed Harold
 14623 | Lair:4   | Reached skill level 16 in Axes
 15764 | Lair:5   | Found a labyrinth entrance.
 15773 | Lab      | Entered a labyrinth
 16713 | Lab      | Noticed a minotaur
 16738 | Lab      | HP: 4/113 [minotaur/battleaxe of chopping (18)]
 16739 | Lab      | Slain by a minotaur

Vault maps used:
D:1:      ncdulo_watergridlock
D:2:      nicolae_dithmenos_shadow_blocks
D:3:      minmay_joined_circles
D:4:      first_bread, st_stairs_1
D:5:      yredelemnul_forgotten_temple_becter, uniq_blork_the_orc, uniq_edmund,
          uniq_grinder, uniq_menkaure
D:6:      kennysheep_mini, evilmike_ruin_ashenzari,
          nicolae_gozag_zags_fifth_avenue, minmay_temple_entry_oklob,
          serial_shops, shop, trog_hazing_becter
D:7:      hangedman_cross_stitches
D:8:      lemuel_crystal_altar, nicolae_overflow_quartered_altars,
          hangedman_little_slice_of_home, hangedman_incinerator
D:9:      vehumet_crystals, lemuel_doored_altar
D:10:     david_lair_shrubbed, basic_altar
Lair:2:   bh_autumn_forest_stairs
Lair:4:   special_room, hibernation_bobbens, lemuel_fruit_fields, uniq_nergalle,
          uniq_harold
Lair:5:   nicolae_swamp_entry_splash_gauntlet, lab_entry_generic,
          grunt_forest_large_clearings, lemuel_fruit_fields
Lab:      nicolae_lab_dead_adventurers, lab_fountain

Action                   |  1- 3 |  4- 6 |  7- 9 | 10-12 || total
-------------------------+-------+-------+-------+-------++-------
Melee: Hand axe          |   101 |   121 |       |       ||   222
       War axe           |       |    74 |   297 |   644 ||  1015
       Battleaxe         |       |       |       |   131 ||   131
Throw: Stone             |    92 |    49 |    49 |    23 ||   213
       Tomahawk          |       |       |     4 |    25 ||    29
Invok: Berserk           |       |     2 |    11 |     7 ||    20
Evoke: Wand              |       |       |     3 |    13 ||    16
  Use: Scroll            |       |       |    16 |    11 ||    27
       Potion            |       |       |     9 |     5 ||    14
 Stab: Sleeping          |       |     2 |       |       ||     2
  Eat: Chunk             |     4 |    10 |    14 |    16 ||    44
       Pizza             |       |       |     1 |       ||     1
       Meat ration       |       |       |     1 |     4 ||     5
       Beef jerky        |       |       |     1 |     1 ||     2
